[Event "ICC tourney 2545 (5 3)"]
[Site "Internet Chess Club"]
[Date "2021.04.11"]
[Round "4"]
[White "Hunab"]
[Black "blackjack721"]
[Result "1-0"]
[ICCResult "Black checkmated"]
[WhiteElo "1512"]
[BlackElo "1219"]
[Opening "English: symmetrical variation"]
[ECO "A16"]
[NIC "EO.64"]
[Time "15:19:45"]
[TimeControl "300+3"]

1. c4 Nf6 2. Nc3 c5 3. g3 Nc6 4. Bg2 d6 5. e4 Bg4 6. Nge2 Nd4 7. O-O Nf3+ 8.
Kh1 h5 9. Qa4+ Nd7 10. Ng1 Nxh2 11. Kxh2 e5 12. Bh3 Be7 13. f3 Bxh3 14. Nxh3
h4 15. g4 Qb6 16. Nd5 Qd8 17. d3 O-O 18. Nxe7+ Qxe7 19. Bg5 f6 20. Bxh4 g5
21. Bg3 Qh7 22. Kg2 Nb6 23. Qb5 Rf7 24. Rh1 Qg6 25. a4 Raf8 26. a5 Nd7 27.
Qxb7 f5 28. exf5 Qg7 29. Qd5 Nf6 30. Qxd6 Rd7 31. Qxc5 Rxd3 32. Qxe5 Re8 33.
Qc5 Re2+ 34. Nf2 Qb7 35. Rh3 Qxf3+ 36. Kg1 Rde3 37. Qc8+ Re8 38. Qc5 Nxg4
39. Qd5+ Qxd5 40. cxd5 Re1+ 41. Rxe1 Rxe1+ 42. Kg2 Ne3+ 43. Kh2 Nf1+ 44. Kg2
Ne3+ 45. Kf3 g4+ 46. Kf4 gxh3 47. Nxh3 Ng2+ 48. Kf3 Rb1 49. Kxg2 Rxb2+ 50.
Kf3 Rb5 51. Nf4 Rxa5 52. d6 Ra3+ 53. Kg4 Kf7 54. Bh4 Ra6 55. d7 Rd6 56. d8=Q
Rxd8 57. Bxd8 Ke8 58. Ba5 Kd7 59. Kg5 Ke8 60. Kf6 a6 61. Ne6 Kd7 62. Nc5+
Ke8 63. Kg7 Ke7 64. f6+ Kd6 65. Nxa6 Kc6 66. f7 Kb5 67. f8=Q Kxa5 68. Qb4+
Kxa6 69. Kf7 Ka7 70. Ke7 Ka6 71. Kd7 Ka7 72. Kc7 Ka6 73. Qb6# {Black
checkmated} 1-0

[Event "ICC tourney 2545 (5 3)"]
[Site "Internet Chess Club"]
[Date "2021.04.11"]
[Round "4"]
[White "zugspitze"]
[Black "Kroger"]
[Result "1/2-1/2"]
[ICCResult "Game drawn by repetition"]
[WhiteElo "1624"]
[BlackElo "1648"]
[Opening "Benkö gambit: main line"]
[ECO "A59"]
[NIC "BI.45"]
[Time "15:20:32"]
[TimeControl "300+3"]

1. d4 Nf6 2. c4 c5 3. d5 b5 4. cxb5 a6 5. bxa6 Bxa6 6. Nc3 d6 7. e4 Bxf1 8.
Kxf1 g6 9. Nf3 Bg7 10. g3 O-O 11. Kg2 Nbd7 12. Re1 Ra6 13. Re2 Qa8 14. Bg5
h6 15. Bxf6 Nxf6 16. Rc1 e6 17. b3 exd5 18. exd5 Re8 19. Rxe8+ Nxe8 20. a4
Nc7 21. Kg1 Bxc3 22. Rxc3 Nxd5 23. Rd3 Nb4 24. Rd2 d5 25. Ne5 Re6 26. Nd3
Nxd3 27. Rxd3 d4 28. b4 Qe8 29. Qf3 cxb4 30. Rxd4 Qxa4 31. Rd8+ Kg7 32. Ra8
Qc6 33. Qxc6 Rxc6 34. Rb8 Rc1+ 35. Kg2 Rb1 36. h4 h5 37. Rb6 Kf8 38. Rb7 Rb2
39. Kf3 Kg7 40. Kg2 Rb1 41. Rb6 Rb3 42. Kg1 Kf8 43. Rb7 Ke8 44. Kg2 Rb1 45.
Kf3 Rb2 46. Kg2 b3 47. Kf3 Kf8 48. Kg2 Kg7 49. Rb6 Rb1 50. Kf3 b2 51. Kg2
Kf8 52. Rb7 Ke8 53. Kf3 Kd8 54. Kg2 Kc8 55. Rb3 Kc7 56. Rb4 Kc6 57. Rb8 Kd5
58. Rd8+ Ke4 59. Re8+ Kf5 60. Rb8 Ke4 61. Re8+ Kd5 62. Rd8+ Kc6 63. Rb8 f6
64. Rb3 g5 65. hxg5 fxg5 66. Rb8 h4 67. gxh4 gxh4 68. Rb3 Kd5 69. Rb8 Kd4
70. Rd8+ Ke4 71. Re8+ Kf4 72. Rf8+ Kg5 73. Rg8+ Kf6 74. Rf8+ Ke7 75. Rb8 h3+
76. Kh2 Kd6 77. Rb3 Ke5 78. Rb8 Ke4 79. Re8+ Kd3 80. Rd8+ Ke2 81. Re8+ Kxf2
82. Rf8+ Ke3 83. Re8+ Kd4 84. Rd8+ Kc5 85. Rc8+ Kd6 86. Rb8 Kd7 87. Rb3 Kc7
88. Rb4 Kc6 89. Rb3 Kc5 90. Rb8 Kc4 91. Rc8+ Kb5 92. Rb8+ Kc6 93. Rb3 Kd5
94. Rb8 Kc4 95. Rc8+ Kd3 96. Rd8+ Kc3 97. Rc8+ Kb3 98. Rb8+ Kc2 99. Rc8+ Kd1
100. Rd8+ Ke1 101. Re8+ Kf1 102. Rf8+ Ke2 103. Re8+ Kf3 104. Rf8+ Ke4 105.
Re8+ Kf5 106. Rf8+ Kg6 107. Rb8 Kh6 108. Rb6+ Kh5 109. Rb5+ Kg4 110. Rb4+
Kf3 111. Rb8 Ke3 112. Re8+ Kd3 113. Rd8+ Kc3 114. Rc8+ Kd4 115. Rd8+ Kc5
116. Rc8+ Kb6 117. Rb8+ Kc7 118. Rb3 Kc6 119. Rb4 Kc5 120. Rb8 Kd4 121. Rd8+
Ke4 122. Re8+ Kf3 123. Rf8+ Kg4 124. Rg8+ Kh4 125. Rh8+ Kg5 126. Rg8+ Kf6
127. Rf8+ Ke7 128. Rb8 Kd7 129. Rb3 Kc6 130. Rb8 Kc7 131. Rb3 Kd6 132. Rb8
Kc6 133. Rb3 Kc5 134. Rb8 Kc4 135. Rc8+ Kd3 136. Rd8+ {Game drawn by
repetition} 1/2-1/2

[Event "ICC tourney 2545 (5 3)"]
[Site "Internet Chess Club"]
[Date "2021.04.11"]
[Round "4"]
[White "Comeback2016"]
[Black "sakharov"]
[Result "1-0"]
[ICCResult "Black forfeits on time"]
[WhiteElo "1723"]
[BlackElo "1513"]
[Opening "English opening"]
[ECO "A20"]
[NIC "EO.24"]
[Time "15:20:31"]
[TimeControl "300+3"]

1. c4 e5 2. g3 c6 3. Nf3 Qc7 4. Bg2 d5 5. cxd5 cxd5 6. Nc3 Nf6 7. O-O d4 8.
Nb5 Qb6 9. a4 Nc6 10. e3 d3 11. Ne1 a6 12. Na3 Bg4 13. f3 Be6 14. Nxd3 O-O-O
15. Nf2 h5 16. b4 Bxb4 17. Rb1 Qc7 18. Qc2 h4 19. g4 h3 20. Bh1 Nd5 21. Nc4
g6 22. Ba3 f5 23. Rfc1 fxg4 24. Nxg4 Bf5 25. Qb3 Bxa3 26. Qxa3 Bxb1 27. Rxb1
Kb8 28. Rc1 Rh5 29. Qc5 e4 30. Nce5 Nxe5 31. Nxe5 Qxc5 32. Rxc5 Rxe5 33.
fxe4 Rg5+ 34. Kf2 Rg2+ 35. Bxg2 hxg2 36. Kxg2 Ne7 37. d4 Rc8 38. Re5 Rc7 39.
a5 Kc8 40. Re6 Kd7 41. d5 Rc3 42. Kf3 Ra3 43. Rb6 Rxa5 44. Rxb7+ Kd6 45. Kf4
Ra4 46. h4 Nxd5+ 47. Kf3 {Black forfeits on time} 1-0

[Event "ICC tourney 2545 (5 3)"]
[Site "Internet Chess Club"]
[Date "2021.04.11"]
[Round "4"]
[White "ulfbert"]
[Black "Visam"]
[Result "0-1"]
[ICCResult "White resigns"]
[WhiteElo "1870"]
[BlackElo "2587"]
[Opening "Catalan: closed"]
[ECO "E01"]
[NIC "EO.64"]
[Time "15:20:12"]
[TimeControl "300+3"]

1. c4 Nf6 2. g3 e6 3. Bg2 d5 4. d4 Bb4+ 5. Bd2 Be7 6. Nf3 O-O 7. O-O c6 8.
b3 b6 9. Bc3 Ba6 10. Nbd2 Nbd7 11. Re1 c5 12. e3 Rc8 13. Ne5 cxd4 14. Bxd4
Nxe5 15. Bxe5 Bb4 16. Re2 dxc4 17. Nxc4 Qxd1+ 18. Rxd1 Rfd8 19. Rb1 Bxc4 20.
bxc4 Rxc4 21. Bxf6 gxf6 22. a3 Bc5 23. Reb2 Ra4 24. Ra2 Rd3 25. Rba1 Rc3 26.
Bc6 Raxa3 27. Rxa3 Bxa3 28. Bb5 a5 29. Kf1 Kf8 30. h4 Ke7 31. Ke2 Bd6 32.
Rb1 h6 33. Kd2 Bb4 34. Ke2 Rc2+ 35. Kf3 Rd2 36. Rb3 Bd6 37. h5 Rd5 38. g4
Bb4 39. Bc6 Rc5 40. Be4 Kd6 41. Bh7 Rc4 42. Bg8 Ke7 43. Rb1 a4 44. Bh7 Bc5
45. Ra1 a3 46. Ra2 Rc3 47. Be4 b5 48. Ke2 b4 49. Kd2 Rc4 50. Bd3 Rxg4 51.
Kc2 Rh4 52. Kb3 Rxh5 53. Kc4 Bd6 54. Kb3 Rd5 55. Bc4 Rd1 56. Rc2 Rh1 57. Ra2
h5 58. f4 h4 59. Re2 h3 60. Ka2 f5 61. Bb3 Bc5 62. Bc4 Rc1 63. Bd3 Rc3 64.
Bb1 b3+ 65. Ka1 Rxe3 {White resigns} 0-1

[Event "ICC tourney 2545 (5 3)"]
[Site "Internet Chess Club"]
[Date "2021.04.11"]
[Round "4"]
[White "Arunmass1"]
[Black "ZenChess"]
[Result "1-0"]
[ICCResult "Black forfeits on time"]
[WhiteElo "1613"]
[BlackElo "1858"]
[Opening "Neo-Grünfeld, 6.O-O c6"]
[ECO "D78"]
[NIC "GI.02"]
[Time "15:18:59"]
[TimeControl "300+3"]

1. Nf3 d5 2. g3 Nf6 3. Bg2 g6 4. O-O Bg7 5. d4 O-O 6. c4 c6 7. Nbd2 Nbd7 8.
b3 Re8 9. Bb2 Nb6 10. Ne5 Bf5 11. Rc1 Ng4 12. Ndf3 Nxe5 13. Nxe5 f6 14. Nf3
Be4 15. e3 e5 16. dxe5 fxe5 17. cxd5 cxd5 18. Qd2 Qe7 19. a4 Rac8 20. h4 Rc6
21. Ng5 Bxg2 22. Kxg2 Rd8 23. a5 Nc8 24. Rfd1 Bf6 25. Nf3 a6 26. Rxc6 bxc6
27. Rc1 Qd6 28. Qc2 Na7 29. h5 Bg7 30. hxg6 hxg6 31. Nh4 Kf7 32. Ba3 Qe6 33.
Bc5 Nb5 34. Bb6 Rc8 35. b4 e4 36. Kg1 Bf6 37. Ng2 g5 38. Qe2 Rh8 39. g4 Be5
40. f3 exf3 41. Qxf3+ Kg6 42. Qe2 Bh2+ 43. Kf1 Rf8+ 44. Ke1 Bg3+ 45. Kd1 Rf2
46. Qd3+ Kh6 47. Ne1 Rf6 48. Rc2 Kg7 49. Qe2 Rf2 50. Qd3 Rxc2 51. Nxc2 Qe5
52. Nd4 Qe4 53. Qxe4 dxe4 54. Nxc6 Bd6 55. Bc5 Bxc5 56. bxc5 Kf7 57. Nb4 Nc7
58. Kd2 Ke6 59. Kc3 Ke5 60. Kc4 Ke6 61. Kd4 Nb5+ 62. Kxe4 Nc3+ 63. Kd3 Nd1
64. Ke4 Nf2+ 65. Kf3 Nd1 66. Nxa6 Nc3 67. Nb4 Nb5 68. a6 Kd7 69. Ke4 Kc7 70.
Kf5 Nc3 71. Kxg5 Ne4+ 72. Kf5 Nxc5 73. g5 Nd7 74. g6 {Black forfeits on
time} 1-0

[Event "ICC tourney 2545 (5 3)"]
[Site "Internet Chess Club"]
[Date "2021.04.11"]
[Round "4"]
[White "siddhu"]
[Black "Swaggernaut99"]
[Result "0-1"]
[ICCResult "White checkmated"]
[WhiteElo "1777"]
[BlackElo "1756"]
[Opening "Scotch: Potter variation"]
[ECO "C45"]
[NIC "SO.05"]
[Time "15:20:12"]
[TimeControl "300+3"]

1. e4 e5 2. Nf3 Nc6 3. d4 exd4 4. Nxd4 Bc5 5. Nb3 Bb6 6. Nc3 Nf6 7. Qe2 O-O
8. Be3 d6 9. O-O-O Re8 10. f3 Be6 11. Qf2 Bxe3+ 12. Qxe3 a6 13. g4 Bxb3 14.
axb3 d5 15. g5 d4 16. Qf4 Nh5 17. Qg4 g6 18. Nd5 Ne5 19. Qh3 Qxg5+ 20. Kb1
c5 21. Nc7 Rad8 22. Nxe8 Rxe8 23. Bc4 b5 24. Bd5 Nf4 25. Qg3 Qf6 26. h4 h5
27. Rhf1 Rc8 28. Qg5 Qxg5 29. hxg5 Kf8 30. Bb7 Rb8 31. Bxa6 Rb6 32. Bc8 Ke7
33. Rh1 Kd8 34. Bh3 Nxf3 35. c3 Ke7 36. cxd4 cxd4 37. Bf1 Nxg5 38. Rxd4 Nge6
39. Rb4 Nc7 40. Bc4 f6 41. Rd1 g5 42. Bf1 h4 43. Rbd4 Ke6 44. Rd8 Ke5 45.
Re1 Nce6 46. Rh8 Nd4 47. Re3 b4 48. Re8+ Nfe6 49. Bh3 Kf4 50. Re1 g4 51. Bf1
Nf3 52. Rd1 Neg5 53. Bd3 g3 54. Bf1 h3 55. Bxh3 Nxh3 56. Rf8 Nf2 57. Rd2 g2
58. Rxf2 g1=Q+ 59. Kc2 Qxf2+ 60. Kd3 Qd2+ 61. Kc4 Qd4# {White checkmated}
0-1

[Event "ICC tourney 2545 (5 3)"]
[Site "Internet Chess Club"]
[Date "2021.04.11"]
[Round "4"]
[White "wiiiiiieee"]
[Black "hansup"]
[Result "1-0"]
[ICCResult "Black resigns"]
[WhiteElo "1474"]
[BlackElo "1545"]
[Opening "Bishop's opening: Berlin defense"]
[ECO "C24"]
[NIC "IG.04"]
[Time "15:20:32"]
[TimeControl "300+3"]

1. e4 e5 2. Bc4 Nf6 3. d3 Nc6 4. Nc3 Bb4 5. Ne2 h6 6. a3 Be7 7. O-O O-O 8.
f4 exf4 9. Bxf4 d6 10. h3 Be6 11. Qe1 Bxc4 12. dxc4 Nh5 13. Be3 Ne5 14. b3
Bg5 15. Nd4 Bh4 16. Qd1 Ng3 17. Re1 Qf6 18. Nd5 Qg6 19. Nxc7 Qxe4 20. Nxa8
Nf5 21. Nxf5 Qxf5 22. Rf1 Qe4 23. Bf2 Bxf2+ 24. Rxf2 Rxa8 25. Qxd6 Re8 26.
Raf1 Qe3 27. Qd5 Kh8 28. Qxb7 Rd8 29. Kh1 f6 30. Qc7 Rd2 31. Rxd2 Qxd2 32.
Qc8+ Kh7 33. Qf5+ Kh8 34. Rf2 Qe1+ 35. Kh2 Qe3 36. Qf4 Qc5 37. a4 Ng6 38.
Qf5 Qd6+ 39. g3 Ne5 40. Qe4 Qb4 41. Qd5 Qe1 42. Kg2 Qe3 43. Qd2 Qe4+ 44. Kh2
Nf3+ 45. Rxf3 Qxf3 46. Qd8+ Kh7 47. Qd3+ Qxd3 48. cxd3 Kg6 49. Kg2 Kf5 50.
Kf3 Ke5 51. Ke3 f5 52. d4+ Ke6 53. Kf4 g5+ 54. Ke3 Kd6 55. b4 h5 56. b5 g4
57. h4 {Black resigns} 1-0

[Event "ICC tourney 2545 (5 3)"]
[Site "Internet Chess Club"]
[Date "2021.04.11"]
[Round "4"]
[White "Onandov"]
[Black "mansoortJ22"]
[Result "0-1"]
[ICCResult "White resigns"]
[WhiteElo "1640"]
[BlackElo "1636"]
[Opening "Réti opening"]
[ECO "A09"]
[NIC "QP.09"]
[Time "15:20:47"]
[TimeControl "300+3"]

1. Nf3 d5 2. c4 Nf6 3. cxd5 Nxd5 4. d4 Bf5 5. Nbd2 Nf6 6. g3 Nc6 7. e3 e5 8.
Nxe5 Nxe5 9. dxe5 Qd5 10. Rg1 Qxe5 11. Bg2 O-O-O 12. Qb3 c6 13. Nf3 Qc7 14.
Bd2 Ne4 15. Bc3 Nxc3 16. bxc3 Be6 17. Qb2 Qa5 18. Nd4 Ba3 19. Qc2 Bc4 20.
Bf1 Bd5 21. Bg2 Rhe8 22. Bxd5 Rxd5 23. Kf1 Qa6+ 24. Kg2 h5 25. Rgd1 h4 26.
Rab1 hxg3 27. hxg3 Qc4 28. Qb3 Qxb3 29. axb3 Bf8 30. c4 Ra5 31. Ra1 Rxa1 32.
Rxa1 Bc5 33. Kf3 Kd7 34. Rh1 g6 35. Rh7 Ke7 36. Ke2 Kf6 37. Kd3 Rd8 38. Ke4
a5 39. Rh1 Re8+ 40. Kd3 Ra8 41. Rh4 a4 42. bxa4 Rxa4 43. Rf4+ Kg7 44. Re4
Ra3+ 45. Ke2 Rc3 46. Nf3 Rc2+ 47. Kf1 Kf6 48. Re8 Rxc4 49. Rc8 Bd6 50. Rd8
Ke7 51. Rc8 b5 52. Nd4 Kd7 53. Rh8 b4 54. Rh7 c5 55. Nb5 Kc6 56. Nxd6 Kxd6
57. Rxf7 b3 58. Rf8 Kc7 59. Rh8 b2 {White resigns} 0-1

[Event "ICC tourney 2545 (5 3)"]
[Site "Internet Chess Club"]
[Date "2021.04.11"]
[Round "4"]
[White "MyNaughtyKnight"]
[Black "Chesscrow"]
[Result "0-1"]
[ICCResult "White resigns"]
[WhiteElo "1261"]
[BlackElo "1737"]
[Opening "Sicilian: Smith-Morra gambit"]
[ECO "B21"]
[NIC "SI.48"]
[Time "15:20:32"]
[TimeControl "300+3"]

1. e4 c5 2. d4 cxd4 3. c3 dxc3 4. Nxc3 e6 5. Bc4 Be7 6. Nf3 Nc6 7. Qe2 a6 8.
Bf4 d6 9. O-O Nf6 10. Rfd1 Qc7 11. Rac1 O-O 12. Bb3 Rd8 13. h3 Qa5 14. Be3
Ne5 15. Na4 Nxf3+ 16. Qxf3 Qh5 17. g4 Qe5 18. Nc3 b5 19. Bd4 Qg5 20. Bb6 Re8
21. Ne2 Bb7 22. Ng3 Rac8 23. Be3 Qe5 24. Bd4 Qg5 25. Bxf6 Bxf6 26. Rxc8 Rxc8
27. Nh5 Bxb2 28. Rxd6 g6 29. Nf4 Be5 30. Rd7 Rc1+ 31. Kg2 Qxf4 32. Qxf4 Bxf4
33. Rxb7 Rb1 34. Rb6 Rb2 35. Kf3 Bg5 36. Rxa6 Bh4 37. e5 Rxf2+ 38. Ke4 Rh2
39. Rb6 Rxh3 40. Rxb5 Bg5 41. Kd4 Rg3 42. Bd1 Rg2 43. Bb3 Rd2+ 44. Ke4 h5
45. gxh5 gxh5 46. Kf3 h4 47. Kg4 Be7 48. a4 Rd4+ 49. Kh3 Rd3+ 50. Kg2 h3+
51. Kh2 Bg5 52. Rb4 Bd2 53. Rg4+ Kf8 54. Bc4 Re3 55. a5 Bxa5 56. Rg3 Rxg3
57. Kxg3 Bc3 58. Kxh3 Bxe5 59. Kg4 Ke7 60. Kf3 f5 61. Ke3 Kf6 62. Bb3 Bc3
63. Bc4 e5 64. Kd3 Bd4 65. Ke2 e4 66. Bb3 Ke5 67. Bc4 f4 68. Ba6 Bc5 69. Bb7
Kd4 70. Kd2 Bb4+ 71. Ke2 Ba5 72. Bc6 Bb6 73. Bb7 f3+ 74. Kd2 Ba5+ 75. Kd1
Ke3 76. Ba6 Kf2 {White resigns} 0-1

[Event "ICC tourney 2545 (5 3)"]
[Site "Internet Chess Club"]
[Date "2021.04.11"]
[Round "4"]
[White "Sandeshbajaj"]
[Black "Lewton"]
[Result "1-0"]
[ICCResult "Black resigns"]
[WhiteElo "1973"]
[BlackElo "2215"]
[Opening "Queen's bishop game"]
[ECO "D02"]
[NIC "QP.08"]
[Time "15:19:54"]
[TimeControl "300+3"]

1. d4 d5 2. Nf3 Nf6 3. Bf4 e6 4. e3 Bd6 5. Bg3 Bf8 6. Bd3 Bd6 7. Nbd2 b6 8.
O-O Bb7 9. Bb5+ c6 10. Bd3 O-O 11. e4 Bxg3 12. hxg3 dxe4 13. Nxe4 Nxe4 14.
Bxe4 Nd7 15. c3 Nf6 16. Bc2 Qc7 17. Qe2 c5 18. Rad1 Rfd8 19. Ne5 cxd4 20.
cxd4 Rac8 21. Bb3 Bd5 22. Ba4 Qe7 23. a3 h6 24. Rc1 Rc7 25. Qa6 Bb7 26. Qxa7
Rdc8 27. Rxc7 Qxc7 28. Bc6 Bxc6 29. Qxc7 Rxc7 30. Rc1 Kf8 31. Rxc6 Rxc6 32.
Nxc6 Ke8 33. Ne5 Nd5 34. Kf1 f6 35. Nd3 Kd7 36. Ke2 Kd6 37. Kd2 Ne7 38. Kc3
Nf5 39. Kc4 h5 40. Nf4 h4 41. gxh4 Nxh4 42. g3 Nf5 43. b4 e5 44. dxe5+ fxe5
45. Ng2 Nd4 46. Ne3 b5+ 47. Kd3 g6 48. Ke4 Ne2 49. Ng4 Nc3+ 50. Kd3 Nb1 51.
Ke4 Nc3+ 52. Kd3 Nb1 53. Ne3 e4+ 54. Kc2 Nxa3+ 55. Kb3 Nb1 56. Kc2 Na3+ 57.
Kb2 Nc4+ 58. Nxc4+ bxc4 59. Kc3 Kd5 60. b5 Kc5 61. b6 Kxb6 62. Kxc4 Kc6 63.
Kd4 Kd6 64. Kxe4 Ke6 65. f4 Kf6 66. g4 Ke6 67. g5 Kd6 68. f5 Ke7 69. f6+ Ke6
70. Kd4 Kd6 71. Kc4 Ke6 72. Kc5 {Black resigns} 1-0

[Event "ICC tourney 2545 (5 3)"]
[Site "Internet Chess Club"]
[Date "2021.04.11"]
[Round "4"]
[White "ethansun188"]
[Black "Rasalaghe"]
[Result "0-1"]
[ICCResult "White checkmated"]
[WhiteElo "1115"]
[BlackElo "1191"]
[Opening "Nimzovich-Larsen attack: classical variation"]
[ECO "A01"]
[NIC "VO.08"]
[Time "15:19:10"]
[TimeControl "300+3"]

1. b3 d5 2. Bb2 d4 3. Nf3 Nc6 4. e3 dxe3 5. fxe3 Nf6 6. Bb5 a6 7. Be2 e6 8.
O-O b5 9. Ng5 h6 10. Nh3 Bb7 11. Bf3 Rb8 12. Nf4 Bd6 13. Nd3 Ne7 14. Bxb7
Rxb7 15. Bxf6 gxf6 16. Rxf6 Nf5 17. Rxf5 exf5 18. Qf1 Qd7 19. Nc3 Rg8 20.
Nd5 Rg6 21. c4 c6 22. N5f4 Bxf4 23. Nxf4 Rd6 24. d4 Qe7 25. Qe2 Kd7 26. c5
Rf6 27. d5 Qe4 28. dxc6+ Kxc6 29. Rc1 Rd7 30. a4 Re7 31. axb5+ axb5 32. Kf2
Qxf4+ 33. exf4 Rxe2+ 34. Kxe2 Re6+ 35. Kf3 Re4 36. g4 Rb4 37. Rc3 fxg4+ 38.
Kxg4 Rd4 39. h4 Rd5 40. b4 f5+ 41. Kh5 Rd4 42. Kxh6 Rxf4 43. Kg5 Rxb4 44. h5
f4 45. h6 Rb1 46. h7 Rh1 47. Kg6 Rg1+ 48. Kh6 Rh1+ 49. Kg7 Rg1+ 50. Kh8 b4
51. Rf3 Rg4 52. Rg3 Rh4 53. Rg4 Rh2 54. Rg2 Rh3 55. Rg6+ Kxc5 56. Kg7 b3 57.
Rh6 Rxh6 58. Kxh6 b2 59. h8=Q b1=Q 60. Qc8+ Kd4 61. Qd7+ Ke3 62. Qe6+ Qe4
63. Qb3+ Kf2 64. Qb2+ Qe2 65. Qd4+ Qe3 66. Qb2+ Kf1 67. Qb1+ Qe1 68. Qd3+
Kg1 69. Qd4+ Qf2 70. Qd1+ Kg2 71. Qg4+ Qg3 72. Qe2+ Kh3 73. Qe6+ Kh2 74.
Qa2+ Qg2 75. Qc4 f3 76. Qc7+ Kh1 77. Qc1+ Qg1 78. Qc6 Qh2+ 79. Kg6 Qg3+ 80.
Kf5 Kg2 81. Qc2+ f2 82. Qc6+ Qf3+ 83. Qxf3+ Kxf3 84. Ke5 f1=Q 85. Kf6 Ke4+
86. Ke6 Qb5 87. Kd6 Kf4 88. Ke7 Qc6 89. Kf7 Qd6 90. Kg8 Kg5 91. Kf7 Kh5 92.
Kg7 Qe6 93. Kf8 Qd7 94. Kg8 Kg6 95. Kh8 Qe8# {White checkmated} 0-1

[Event "ICC tourney 2545 (5 3)"]
[Site "Internet Chess Club"]
[Date "2021.04.11"]
[Round "4"]
[White "saisiva765"]
[Black "habibo"]
[Result "1-0"]
[ICCResult "Black checkmated"]
[WhiteElo "1810"]
[BlackElo "1659"]
[Opening "Queen's pawn: London system"]
[ECO "A45"]
[NIC "QP.07"]
[Time "15:19:24"]
[TimeControl "300+3"]

1. d4 Nf6 2. Bf4 g6 3. e3 Bg7 4. Nf3 d6 5. Nbd2 O-O 6. h3 Nbd7 7. Bc4 c6 8.
O-O b5 9. Bb3 Ba6 10. Re1 Qc7 11. c4 bxc4 12. Bxc4 Bxc4 13. Nxc4 Nb6 14. Rc1
Rab8 15. Na5 Nbd5 16. Nxc6 Rxb2 17. Bg5 Qb7 18. e4 Nb4 19. d5 h6 20. Bh4 g5
21. Bg3 Nh5 22. Bh2 Re8 23. Nxg5 hxg5 24. Nxb4 Qxb4 25. Qxh5 Bf6 26. e5 Qd4
27. Bg3 dxe5 28. Rcd1 Rd2 29. Rxd2 Qxd2 30. Rd1 Qc2 31. d6 Rd8 32. d7 Qxa2
33. Qg4 Kf8 34. h4 gxh4 35. Bxh4 Qb2 36. Bg5 Bxg5 37. Qxg5 f6 38. Qg4 Qc2
39. g3 a5 40. Qh5 a4 41. Kg2 Kg7 42. Qg4+ Kf7 43. Qh5+ Qg6 44. Qe2 Qf5 45.
Qc4+ Kg7 46. Qxa4 e4 47. Qa3 Rxd7 48. Re1 Rc7 49. Qe3 Rc2 50. Rh1 Rc5 51.
Qh6+ Kf7 52. Qe3 Rc4 53. Rh4 Rb4 54. Rf4 Qd5 55. Rh4 Ke6 56. Rf4 Kd7 57. Rh4
Ra4 58. Rf4 Qd4 59. Qb3 Rb4 60. Qa2 Qc5 61. Rh4 Qc6 62. Qd2+ Qd6 63. Qe2 Ra4
64. Qg4+ Kc7 65. Qe2 Qd5 66. Qe3 Qd4 67. Qf4+ Qd6 68. Qc1+ Qc6 69. Qf4+ e5
70. Rh7+ Kb6 71. Qe3+ Rd4 72. Rf7 Qe6 73. Rf8 Qc6 74. Qb3+ Ka5 75. Kh2 e3
76. Qxe3 Qe6 77. Qa3+ Ra4 78. Ra8+ Qa6 79. Rxa6+ Kxa6 80. Qxa4+ Kb6 81. Qe8
Kc5 82. Qe6 Kd4 83. Qxf6 Kd5 84. g4 Ke4 85. g5 Kd4 86. g6 Kd5 87. g7 e4 88.
g8=Q+ Kc5 89. Qgg5+ Kc4 90. Qe6+ Kb4 91. Qge7+ Kc3 92. Qxe4 Kb2 93. Q7b4+
Kc1 94. Qee1+ Kc2 95. Qed2# {Black checkmated} 1-0

[Event "ICC tourney 2545 (5 3)"]
[Site "Internet Chess Club"]
[Date "2021.04.11"]
[Round "4"]
[White "SuleymanliAydin"]
[Black "MasterZachary"]
[Result "1/2-1/2"]
[ICCResult "Game drawn by the 50 move rule"]
[WhiteElo "1984"]
[BlackElo "2172"]
[Opening "Queen's gambit accepted"]
[ECO "D20"]
[NIC "QG.03"]
[Time "15:19:06"]
[TimeControl "300+3"]

1. d4 d5 2. c4 dxc4 3. e3 e5 4. Bxc4 exd4 5. exd4 Bd6 6. Nf3 Nf6 7. O-O O-O
8. Nc3 Nc6 9. h3 h6 10. a3 Bf5 11. Re1 Re8 12. Be3 Qd7 13. Nb5 Rad8 14. Nxd6
Qxd6 15. Qb3 Nd5 16. Bxd5 Qxd5 17. Qxd5 Rxd5 18. Bf4 Rxe1+ 19. Rxe1 Nxd4 20.
Nxd4 Rxd4 21. Bxc7 Be6 22. Be5 Rd3 23. Bc3 a6 24. f3 Kf8 25. h4 h5 26. Re5
g6 27. Kf2 Ke7 28. Re4 Kd7 29. Rb4 Kc6 30. Rf4 Rd7 31. g4 Rd5 32. Kg3 Kd7
33. Rb4 Kc6 34. Rc4+ Kd7 35. Rf4 Kc6 36. Bf6 Kd7 37. Rb4 Kc6 38. Kf4 b5 39.
Re4 Kd7 40. Re3 Rc5 41. Rd3+ Kc6 42. b3 a5 43. Be7 Rd5 44. Rc3+ Kd7 45. Bf6
b4 46. axb4 axb4 47. Re3 Ra5 48. Rd3+ Rd5 49. Re3 Ra5 50. Re4 Rb5 51. Rd4+
Kc6 52. Be7 Bxb3 53. Bxb4 Be6 54. Be7 Rd5 55. Ra4 Rb5 56. Rd4 Rd5 57. Ra4
Kd7 58. Ra7+ Kc6 59. Bf6 Rc5 60. Bd4 Rc4 61. Ke5 hxg4 62. fxg4 Bxg4 63. Rxf7
Rc2 64. Rf6+ Kd7 65. Rxg6 Bd1 66. Be3 Rh2 67. Rd6+ Kc7 68. Rxd1 Rxh4 69. Bf4
Rh7 70. Ke6+ Kb7 71. Rb1+ Ka6 72. Kd5 Rb7 73. Ra1+ Kb6 74. Bd6 Kb5 75. Rc1
Kb6 76. Rb1+ Ka6 77. Ra1+ Kb5 78. Ra2 Kb6 79. Rc2 Kb5 80. Rc4 Kb6 81. Rc8
Kb5 82. Rd8 Kb6 83. Bc5+ Kb5 84. Bf8 Kb6 85. Bd6 Kb5 86. Bc5 Ka6 87. Kc6
Rb6+ 88. Kd5 Rb7 89. Kc4 Rb1 90. Ra8+ Kb7 91. Ra7+ Kc6 92. Ra6+ Kb7 93. Rf6
Kc7 94. Kd5 Rb7 95. Rf8 Kd7 96. Rf6 Kc7 97. Bd6+ Kd7 98. Rf7+ Kc8 99. Rf6
Kd7 100. Be5 Rb5+ 101. Ke4 Rb7 102. Rd6+ Ke7 103. Kf5 Rd7 104. Rc6 Kf7 105.
Kf4 Ke7 106. Ke4 Kf7 107. Kf5 Ke7 108. Rh6 Kf7 109. Re6 Rb7 110. Rd6 Ke7
111. Rd5 Rd7 112. Bf6+ Ke8 113. Ra5 Kf7 114. Re5 Rb7 115. Rc5 Rd7 116. Rc6
Rd5+ 117. Be5 Rd7 118. Bd6 Rb7 {Game drawn by the 50 move rule} 1/2-1/2

[Event "ICC tourney 2545 (5 3)"]
[Site "Internet Chess Club"]
[Date "2021.04.11"]
[Round "4"]
[White "Grayson0405"]
[Black "Vazulka"]
[Result "0-1"]
[ICCResult "White checkmated"]
[WhiteElo "1491"]
[BlackElo "1814"]
[Opening "Grünfeld: modern exchange variation"]
[ECO "D85"]
[NIC "GI.04"]
[Time "15:20:32"]
[TimeControl "300+3"]

1. d4 Nf6 2. c4 g6 3. Nc3 d5 4. cxd5 Nxd5 5. e4 Nxc3 6. bxc3 Bg7 7. Nf3 O-O
8. Bc4 c5 9. Be3 Qc7 10. Bb3 Nc6 11. O-O Rd8 12. Rc1 e6 13. e5 Nxe5 14. Nxe5
Bxe5 15. Qf3 Bxh2+ 16. Kh1 Bd6 17. dxc5 Bxc5 18. Bh6 Qe5 19. Kg1 Qf5 20.
Rfd1 Bd7 21. Qxf5 gxf5 22. Bg5 Kf8 23. Bxd8 Rxd8 24. Ba4 Ke7 25. Rxd7+ Rxd7
26. Bxd7 Kxd7 27. Rd1+ Ke7 28. Kf1 a5 29. Ke2 b6 30. f3 f4 31. a4 Kf6 32.
Kd3 Kf5 33. Kc4 Kg5 34. Kb5 Kh4 35. Rd2 Kg3 36. Kc6 Be3 37. Rb2 h5 38. c4 h4
39. Rxb6 Bxb6 40. Kxb6 Kxg2 41. c5 h3 42. c6 h2 43. c7 h1=Q 44. c8=Q Qe1 45.
Qg8+ Kxf3 46. Qxf7 Qb4+ 47. Ka6 e5 48. Qh5+ Ke4 49. Qe2+ Kd5 50. Qf3+ Kd4
51. Qd1+ Ke4 52. Qc2+ Kd5 53. Qd3+ Qd4 54. Qb5+ Qc5 55. Qd3+ Qd4 56. Qb5+
Ke4 57. Qe2+ Qe3 58. Qc4+ Kf3 59. Qf1+ Kg3 60. Kxa5 f3 61. Qh1 Qd2+ 62. Kb5
f2 63. Qf1 Qe1 64. Qd3+ Kf4 65. Qc4+ e4 66. Qf7+ Ke3 67. Qb3+ Ke2 68. Qc4+
Kd1 69. Qb3+ Kc1 70. Qa3+ Kc2 71. Qa2+ Kd3 72. Qd5+ Ke3 73. Qg5+ Ke2 74.
Qg4+ Kd2 75. Qg5+ Qe3 76. Qg2 Qd3+ 77. Kb6 e3 78. a5 Qb1+ 79. Kc5 Qg1 80.
Qd5+ Ke2 81. Qa2+ Kf3 82. Qf7+ Kg2 83. Qg6+ Kh1 84. Qh6+ Qh2 85. Qxe3 f1=Q
86. Qe4+ Qhg2 87. Qh7+ Kg1 88. Kb6 Qff2+ 89. Kb5 Qd5+ 90. Ka6 Qf6+ 91. Ka7
Qc5+ 92. Kb8 Qfd6+ 93. Kb7 Qdc6+ 94. Kb8 Qc8# {White checkmated} 0-1

[Event "ICC tourney 2545 (5 3)"]
[Site "Internet Chess Club"]
[Date "2021.04.11"]
[Round "4"]
[White "Vision2000"]
[Black "byumitchell"]
[Result "1/2-1/2"]
[ICCResult "Game drawn by repetition"]
[WhiteElo "1397"]
[BlackElo "1185"]
[Opening "Budapest: Adler variation"]
[ECO "A52"]
[NIC "QG.01"]
[Time "15:20:32"]
[TimeControl "300+3"]

1. d4 Nf6 2. c4 e5 3. dxe5 Ng4 4. Nf3 Nc6 5. e4 Ngxe5 6. Nxe5 Nxe5 7. Be2
Bc5 8. O-O d6 9. Nc3 Be6 10. b3 Qd7 11. Bb2 a6 12. Nd5 Bxd5 13. Qxd5 c6 14.
Qd2 h5 15. Rad1 Ng4 16. b4 Ba7 17. Qxd6 Qxd6 18. Rxd6 Rd8 19. Rxd8+ Kxd8 20.
c5 Bb8 21. h3 Nf6 22. Bd3 Ke7 23. f4 Rd8 24. Rf3 Bxf4 25. Bxf6+ gxf6 26. Kf2
Bg5 27. Ke2 Rd4 28. a3 a5 29. b5 Ra4 30. bxc6 bxc6 31. g3 Rxa3 32. h4 Bh6
33. Bc4 Ra1 34. Rb3 Rc1 35. Rb7+ Kf8 36. Bxf7 Rxc5 37. Ra7 a4 38. Be6 Re5
39. Bf5 Rc5 40. Rxa4 Rc2+ 41. Kf3 Rc3+ 42. Kf2 Rc2+ 43. Kf3 Rc3+ 44. Kf2
Rc2+ 45. Kf3 Rc3+ 46. Kf2 Rc2+ 47. Kf3 {Game drawn by repetition} 1/2-1/2